3024 views
Uploaded 2020-03-18 21:49:14
Game version 1.32.3
33:22 long 4on4 ladder game on (8)Feralas_LV
Saved by BEARAND
3024 views
Uploaded 2020-03-18 21:49:14
Game version 1.32.3
33:22 long 4on4 ladder game on (8)Feralas_LV


113 units @ 10k
/ 0.9k
354 buildings @ 34.2k
/ 20.8k



| Staff of Teleportation | 3 | 450 |
| Boots of Speed | 1 | 250 |
| Staff of Sanctuary | 2 | 500 |
| total: | 6 | 1200g |
| Wisp | 30 | 1800 | / | 0 |
| total: | 30 | 1800g | / | 0w |
| Altar of Elders | 3 | 540 | / | 150 |
| Moon Well | 11 | 1980 | / | 440 |
| Tree of Life | 4 | 1360 | / | 740 |
| Hunter's Hall | 1 | 210 | / | 100 |
| Ancient of Wonders | 3 | 270 | / | 90 |
| Tree of Ages | 1 | 320 | / | 180 |
| Tree of Eternity | 1 | 330 | / | 200 |
| total: | 22 | 4360g | / | 1520w |
| 0:00 | Wisp |
| 0:04 | Altar of Elders |
| 0:04 | Wisp |
| 0:17 | Wisp |
| 0:23 | Moon Well |
| 0:28 | Wisp |
| 0:30 | Wisp |
| 2:25 | Wisp |
| 2:32 | Moon Well |
| 2:54 | Wisp |
| 2:55 | Wisp |
| 3:03 | Wisp |
| 3:22 | Wisp |
| 3:41 | Force of Nature |
| 4:04 | Wisp |
| 4:05 | Wisp |
| 4:05 | Wisp |
| 4:36 | Tree of Life |
| 4:45 | Wisp |
| 4:45 | Wisp |
| 5:09 | Staff of Teleportation |
| 5:51 | Tree of Ages |
| 6:00 | Entangling Roots |
| 6:39 | Tree of Life |
| 7:05 | Hunter's Hall |
| 8:21 | Wisp |
| 8:21 | Wisp |
| 8:22 | Wisp |
| 8:29 | Moon Well |
| 8:38 | Soul Burn |
| 8:51 | Staff of Teleportation |
| 10:02 | Tree of Eternity |
| 10:05 | Tree of Life |
| 12:08 | Moon Well |
| 12:09 | Moon Well |
| 13:11 | Well Spring |
| 13:25 | Wisp |
| 13:26 | Wisp |
| 13:29 | Wisp |
| 13:29 | Wisp |
| 13:29 | Wisp |
| 13:29 | Wisp |
| 13:32 | Ancient of Wonders |
| 13:33 | Ancient of Wonders |
| 13:35 | Ancient of Wonders |
| 14:04 | Wisp |
| 14:12 | Incinerate |
| 15:08 | Frost Arrows |
| 15:09 | Staff of Teleportation |
| 15:09 | Boots of Speed |
| 17:06 | Staff of Sanctuary |
| 17:37 | Entangling Roots |
| 18:19 | Altar of Elders |
| 19:22 | Moon Well |
| 19:39 | Moon Well |
| 19:40 | Moon Well |
| 21:21 | Incinerate |
| 21:33 | Staff of Sanctuary |
| 22:37 | Altar of Elders |
| 23:12 | Moon Well |
| 23:14 | Moon Well |
| 23:15 | Moon Well |
| 24:27 | Tree of Life |
| 27:04 | Forked Lightning |
| 27:40 | Thorns Aura |
| 28:19 | Soul Burn |
| 31:31 | Frost Arrows |
| 32:40 | Wisp |
| 32:40 | Wisp |
| 32:40 | Wisp |
| 32:40 | Wisp |
| 32:41 | Wisp |
| 33:24 | Entangling Roots |
| 33:57 | Soul Burn |
| 34:39 | Forked Lightning |
| Right click | 2657 |
| Select | 1006 |
| Select group | 808 |
| Resource trade | 137 |
| Use ability | 130 |
| Assign group | 102 |
| Build/train/purchase | 74 |
| Chat | 13 |
| Misc. action | 11 |
| Minimap ping | 11 |
| Item give/drop | 1 |



| Healing Salve | 6 | 600 |
| Lesser Clarity Potion | 3 | 210 |
| Potion of Healing | 4 | 600 |
| Potion of Mana | 1 | 200 |
| Orb of Lightning | 1 | 375 |
| Boots of Speed | 3 | 750 |
| Staff of Teleportation | 3 | 450 |
| Circlet of Nobility | 2 | 350 |
| Orb of Fire | 1 | 325 |
| Staff of Sanctuary | 1 | 250 |
| total: | 25 | 4110g |
| Peon | 22 | 1650 | / | 0 |
| Troll Batrider | 8 | 1280 | / | 320 |
| total: | 30 | 2930g | / | 320w |
| Watch Tower | 90 | 9900 | / | 7200 |
| Altar of Storms | 1 | 180 | / | 50 |
| Orc Burrow | 3 | 480 | / | 120 |
| War Mill | 1 | 205 | / | 0 |
| Voodoo Lounge | 1 | 130 | / | 30 |
| Great Hall | 1 | 385 | / | 185 |
| Beastiary | 1 | 145 | / | 140 |
| Stronghold | 1 | 315 | / | 190 |
| Fortress | 1 | 325 | / | 190 |
| total: | 98 | 11425g | / | 7725w |
| 0:01 | Peon |
| 0:04 | Altar of Storms |
| 0:08 | Peon |
| 0:17 | Orc Burrow |
| 0:18 | Peon |
| 0:28 | Peon |
| 0:41 | Peon |
| 0:51 | War Mill |
| 2:22 | Peon |
| 2:37 | Voodoo Lounge |
| 2:42 | Peon |
| 2:57 | Peon |
| 3:04 | Peon |
| 3:19 | Peon |
| 3:32 | Peon |
| 3:37 | War Stomp |
| 3:41 | Watch Tower |
| 3:45 | Watch Tower |
| 3:50 | Peon |
| 4:00 | Peon |
| 4:07 | Watch Tower |
| 4:22 | Healing Salve |
| 4:22 | Lesser Clarity Potion |
| 4:46 | Watch Tower |
| 4:52 | Stronghold |
| 4:58 | Healing Salve |
| 5:46 | Endurance Aura |
| 5:50 | Watch Tower |
| 5:54 | Watch Tower |
| 6:08 | Orc Burrow |
| 6:36 | Great Hall |
| 6:58 | Watch Tower |
| 6:59 | Watch Tower |
| 7:18 | Boots of Speed |
| 7:26 | Staff of Teleportation |
| 8:06 | Watch Tower |
| 8:07 | Watch Tower |
| 8:17 | Hex |
| 8:28 | Boots of Speed |
| 8:41 | Fortress |
| 9:00 | Watch Tower |
| 9:10 | War Stomp |
| 9:17 | Watch Tower |
| 9:18 | Watch Tower |
| 9:53 | Healing Salve |
| 9:58 | Lesser Clarity Potion |
| 10:42 | Peon |
| 10:42 | Peon |
| 10:43 | Peon |
| 10:44 | Watch Tower |
| 10:45 | Watch Tower |
| 11:01 | Lesser Clarity Potion |
| 11:01 | Healing Salve |
| 11:02 | Healing Salve |
| 11:19 | Healing Spray |
| 12:42 | Watch Tower |
| 12:43 | Watch Tower |
| 13:10 | Peon |
| 13:10 | Peon |
| 13:11 | Reinforced Defenses |
| 13:14 | Watch Tower |
| 13:15 | Watch Tower |
| 13:16 | Peon |
| 13:16 | Peon |
| 13:32 | Pillage |
| 13:33 | Beastiary |
| 13:44 | Watch Tower |
| 13:44 | Watch Tower |
| 14:16 | Watch Tower |
| 14:19 | Watch Tower |
| 14:20 | Watch Tower |
| 14:39 | Troll Batrider |
| 14:39 | Troll Batrider |
| 15:40 | Watch Tower |
| 15:41 | Watch Tower |
| 16:39 | Potion of Healing |
| 16:50 | Circlet of Nobility |
| 17:05 | Chemical Rage |
| 17:14 | Watch Tower |
| 17:15 | Watch Tower |
| 17:17 | Potion of Healing |
| 17:28 | Staff of Teleportation |
| 18:06 | Watch Tower |
| 18:06 | Watch Tower |
| 18:08 | Watch Tower |
| 18:08 | Watch Tower |
| 18:13 | Watch Tower |
| 18:14 | Watch Tower |
| 18:19 | Healing Wave |
| 18:36 | Hex |
| 19:10 | Troll Batrider |
| 19:15 | Watch Tower |
| 19:15 | Watch Tower |
| 19:17 | Watch Tower |
| 19:17 | Watch Tower |
| 19:19 | Orc Burrow |
| 19:20 | Peon |
| 19:20 | Peon |
| 19:23 | Watch Tower |
| 19:24 | Watch Tower |
| 20:01 | Troll Batrider |
| 20:17 | Orb of Fire |
| 20:21 | Watch Tower |
| 20:56 | Potion of Mana |
| 20:57 | Staff of Sanctuary |
| 21:18 | Watch Tower |
| 21:19 | Watch Tower |
| 21:20 | Watch Tower |
| 21:20 | Watch Tower |
| 21:22 | Watch Tower |
| 21:23 | Watch Tower |
| 21:25 | Boots of Speed |
| 21:26 | Staff of Teleportation |
| 21:26 | Circlet of Nobility |
| 21:56 | Watch Tower |
| 21:57 | Watch Tower |
| 23:01 | Healing Salve |
| 23:09 | Watch Tower |
| 23:10 | Watch Tower |
| 23:11 | Watch Tower |
| 23:11 | Watch Tower |
| 23:30 | Watch Tower |
| 23:30 | Watch Tower |
| 23:31 | Watch Tower |
| 23:32 | Watch Tower |
| 23:33 | Watch Tower |
| 23:33 | Watch Tower |
| 23:33 | Watch Tower |
| 23:37 | Watch Tower |
| 23:37 | Watch Tower |
| 23:41 | Watch Tower |
| 23:42 | Watch Tower |
| 23:42 | Watch Tower |
| 24:00 | Orb of Lightning |
| 24:04 | Watch Tower |
| 24:05 | Watch Tower |
| 24:09 | Troll Batrider |
| 24:32 | Troll Batrider |
| 24:50 | Endurance Aura |
| 25:18 | Liquid Fire |
| 25:19 | Steel Ranged Weapons |
| 25:19 | Steel Armor |
| 25:37 | Troll Batrider |
| 25:44 | Watch Tower |
| 25:45 | Watch Tower |
| 25:50 | Watch Tower |
| 25:51 | Watch Tower |
| 26:36 | Spiked Barricades |
| 26:37 | Watch Tower |
| 27:37 | Potion of Healing |
| 27:56 | Potion of Healing |
| 28:09 | Healing Spray |
| 28:15 | Watch Tower |
| 28:16 | Watch Tower |
| 28:17 | Troll Batrider |
| 28:49 | Watch Tower |
| 28:50 | Watch Tower |
| 28:57 | Watch Tower |
| 29:00 | Watch Tower |
| 29:00 | Watch Tower |
| 29:05 | Watch Tower |
| 29:05 | Watch Tower |
| 29:06 | Watch Tower |
| 29:56 | Healing Wave |
| 30:28 | Improved Spiked Barricades |
| 30:38 | Watch Tower |
| 30:39 | Watch Tower |
| 31:20 | Watch Tower |
| 31:21 | Watch Tower |
| 32:17 | Watch Tower |
| 32:19 | Watch Tower |
| 32:20 | Watch Tower |
| 32:20 | Watch Tower |
| 32:36 | War Stomp |
| Right click | 2487 |
| Select group | 1091 |
| Select | 493 |
| Assign group | 299 |
| Build/train/purchase | 180 |
| Chat | 117 |
| Use ability | 102 |
| Misc. action | 15 |
| Resource trade | 12 |
| Item give/drop | 9 |
| Remove unit | 4 |
| Minimap ping | 2 |


| Healing Salve | 3 | 300 |
| Lesser Clarity Potion | 5 | 350 |
| Potion of Mana | 1 | 200 |
| Potion of Healing | 1 | 150 |
| Circlet of Nobility | 2 | 350 |
| Boots of Speed | 2 | 500 |
| Staff of Teleportation | 2 | 300 |
| Orb of Venom | 2 | 650 |
| Staff of Sanctuary | 1 | 250 |
| total: | 19 | 3050g |
| Peon | 16 | 1200 | / | 0 |
| Troll Batrider | 15 | 2400 | / | 600 |
| total: | 31 | 3600g | / | 600w |
| Watch Tower | 94 | 10340 | / | 7520 |
| Altar of Storms | 1 | 180 | / | 50 |
| Orc Burrow | 3 | 480 | / | 120 |
| War Mill | 1 | 205 | / | 0 |
| Voodoo Lounge | 1 | 130 | / | 30 |
| Great Hall | 2 | 770 | / | 370 |
| Barracks | 1 | 180 | / | 50 |
| Beastiary | 2 | 290 | / | 280 |
| Stronghold | 2 | 630 | / | 380 |
| Fortress | 1 | 325 | / | 190 |
| total: | 105 | 12575g | / | 8420w |
| 0:02 | Peon |
| 0:03 | Peon |
| 0:09 | Altar of Storms |
| 0:11 | Orc Burrow |
| 0:20 | Peon |
| 0:30 | Peon |
| 0:51 | Peon |
| 2:29 | Peon |
| 2:40 | War Mill |
| 2:55 | Voodoo Lounge |
| 3:01 | Peon |
| 3:13 | Peon |
| 3:31 | Peon |
| 3:39 | Wind Walk |
| 3:48 | Peon |
| 3:56 | Watch Tower |
| 3:59 | Watch Tower |
| 4:02 | Circlet of Nobility |
| 4:13 | Watch Tower |
| 4:44 | Stronghold |
| 4:54 | Spiked Barricades |
| 5:04 | Watch Tower |
| 5:39 | Watch Tower |
| 5:57 | Boots of Speed |
| 5:57 | Staff of Teleportation |
| 6:08 | Watch Tower |
| 6:18 | Healing Salve |
| 6:18 | Lesser Clarity Potion |
| 6:44 | Critical Strike |
| 6:50 | Great Hall |
| 7:22 | Watch Tower |
| 7:28 | Orc Burrow |
| 7:31 | Watch Tower |
| 7:50 | Beastiary |
| 8:21 | Reinforced Defenses |
| 8:29 | Watch Tower |
| 8:45 | Watch Tower |
| 9:00 | Troll Batrider |
| 9:06 | Watch Tower |
| 9:11 | Wind Walk |
| 9:41 | Hex |
| 10:00 | Watch Tower |
| 10:01 | Peon |
| 10:01 | Peon |
| 10:02 | Peon |
| 10:02 | Peon |
| 10:56 | Watch Tower |
| 11:01 | Peon |
| 11:02 | Troll Batrider |
| 11:02 | Troll Batrider |
| 11:04 | Fortress |
| 11:07 | Beastiary |
| 11:09 | Watch Tower |
| 11:09 | Watch Tower |
| 11:13 | Orc Burrow |
| 11:14 | Watch Tower |
| 11:17 | Healing Salve |
| 11:18 | Lesser Clarity Potion |
| 11:29 | Watch Tower |
| 11:35 | Lesser Clarity Potion |
| 11:51 | Troll Batrider |
| 12:11 | Peon |
| 12:51 | Watch Tower |
| 12:53 | Watch Tower |
| 12:56 | Troll Batrider |
| 13:40 | Troll Batrider |
| 13:41 | Troll Batrider |
| 13:47 | Watch Tower |
| 13:48 | Watch Tower |
| 13:49 | Watch Tower |
| 13:52 | Watch Tower |
| 13:55 | Watch Tower |
| 14:13 | Healing Wave |
| 14:39 | Liquid Fire |
| 14:41 | Steel Ranged Weapons |
| 15:17 | Watch Tower |
| 15:18 | Watch Tower |
| 15:52 | Orb of Venom |
| 16:29 | Potion of Mana |
| 16:30 | Lesser Clarity Potion |
| 16:35 | Potion of Healing |
| 16:48 | Orb of Venom |
| 17:27 | Watch Tower |
| 17:27 | Watch Tower |
| 17:44 | Watch Tower |
| 17:54 | Thorium Ranged Weapons |
| 17:56 | Staff of Sanctuary |
| 18:22 | Troll Batrider |
| 18:28 | Circlet of Nobility |
| 18:28 | Boots of Speed |
| 18:31 | Watch Tower |
| 18:32 | Watch Tower |
| 18:36 | Improved Spiked Barricades |
| 18:47 | Barracks |
| 19:25 | Healing Wave |
| 19:38 | Watch Tower |
| 19:39 | Watch Tower |
| 19:55 | Troll Regeneration |
| 20:09 | Critical Strike |
| 20:55 | Staff of Teleportation |
| 21:12 | Troll Batrider |
| 21:13 | Troll Batrider |
| 21:13 | Troll Batrider |
| 21:15 | Watch Tower |
| 21:16 | Watch Tower |
| 23:02 | Troll Batrider |
| 23:02 | Troll Batrider |
| 23:20 | Arcanite Ranged Weapons |
| 23:21 | Steel Armor |
| 24:13 | Watch Tower |
| 24:16 | Watch Tower |
| 24:17 | Watch Tower |
| 24:27 | Watch Tower |
| 24:28 | Watch Tower |
| 24:29 | Watch Tower |
| 24:29 | Watch Tower |
| 24:31 | Steel Melee Weapons |
| 24:36 | Watch Tower |
| 24:37 | Watch Tower |
| 24:38 | Watch Tower |
| 25:27 | Watch Tower |
| 25:28 | Watch Tower |
| 25:34 | Watch Tower |
| 25:49 | Watch Tower |
| 25:50 | Watch Tower |
| 25:56 | Watch Tower |
| 25:57 | Watch Tower |
| 25:57 | Watch Tower |
| 25:58 | Watch Tower |
| 28:06 | Hex |
| 28:11 | Watch Tower |
| 28:11 | Watch Tower |
| 28:12 | Watch Tower |
| 28:13 | Watch Tower |
| 28:14 | Watch Tower |
| 28:17 | Watch Tower |
| 28:18 | Watch Tower |
| 28:19 | Watch Tower |
| 28:20 | Watch Tower |
| 28:20 | Watch Tower |
| 28:23 | Watch Tower |
| 28:31 | Lesser Clarity Potion |
| 28:32 | Healing Salve |
| 28:53 | Watch Tower |
| 28:55 | Watch Tower |
| 30:09 | Troll Batrider |
| 30:09 | Troll Batrider |
| 30:39 | Watch Tower |
| 30:40 | Watch Tower |
| 30:40 | Watch Tower |
| 30:41 | Watch Tower |
| 30:41 | Watch Tower |
| 31:24 | Watch Tower |
| 31:25 | Watch Tower |
| 31:25 | Watch Tower |
| 31:26 | Watch Tower |
| 31:26 | Watch Tower |
| 31:27 | Watch Tower |
| 32:36 | Wind Walk |
| 32:50 | Great Hall |
| 32:56 | Watch Tower |
| 32:57 | Watch Tower |
| 32:57 | Watch Tower |
| 32:58 | Watch Tower |
| 32:59 | Watch Tower |
| 33:05 | Watch Tower |
| 33:05 | Watch Tower |
| 33:06 | Watch Tower |
| 33:06 | Watch Tower |
| 33:06 | Watch Tower |
| 33:07 | Watch Tower |
| 34:35 | Watch Tower |
| 34:35 | Watch Tower |
| 34:36 | Watch Tower |
| 34:36 | Watch Tower |
| 34:37 | Watch Tower |
| 34:41 | Healing Wave |
| Right click | 2711 |
| Select group | 1368 |
| Select | 309 |
| Build/train/purchase | 179 |
| Chat | 91 |
| Use ability | 68 |
| Misc. action | 28 |
| Resource trade | 24 |
| Minimap ping | 16 |
| Assign group | 14 |
| Item give/drop | 12 |
| Remove unit | 1 |



| Potion of Mana | 2 | 400 |
| Potion of Healing | 1 | 150 |
| Staff of Sanctuary | 3 | 750 |
| Scroll of Town Portal | 2 | 700 |
| Boots of Speed | 3 | 750 |
| Staff of Teleportation | 4 | 600 |
| Periapt of Vitality | 1 | 325 |
| Healing Salve | 3 | 300 |
| Orb of Venom | 1 | 325 |
| total: | 20 | 4300g |
| Peasant | 22 | 1650 | / | 0 |
| total: | 22 | 1650g | / | 0w |
| Scout Tower | 109 | 3270 | / | 2180 |
| Arcane Tower | 6 | 420 | / | 300 |
| Guard Tower | 77 | 5390 | / | 3850 |
| Altar of Kings | 2 | 360 | / | 100 |
| Farm | 8 | 640 | / | 160 |
| Lumber Mill | 2 | 240 | / | 0 |
| Arcane Vault | 5 | 650 | / | 150 |
| Town Hall | 1 | 385 | / | 205 |
| Arcane Sanctum | 1 | 150 | / | 140 |
| Gryphon Aviary | 1 | 140 | / | 150 |
| Keep | 1 | 320 | / | 210 |
| Castle | 1 | 360 | / | 210 |
| total: | 129 | 5835g | / | 3085w |
| 0:02 | Peasant |
| 0:02 | Peasant |
| 0:08 | Altar of Kings |
| 0:14 | Peasant |
| 0:18 | Farm |
| 0:20 | Peasant |
| 0:29 | Lumber Mill |
| 0:39 | Scout Tower |
| 2:23 | Peasant |
| 2:25 | Peasant |
| 2:35 | Peasant |
| 2:42 | Peasant |
| 2:55 | Farm |
| 2:55 | Peasant |
| 2:56 | Peasant |
| 2:59 | Scout Tower |
| 3:03 | Scout Tower |
| 3:11 | Peasant |
| 3:19 | Scout Tower |
| 3:22 | Scout Tower |
| 3:25 | Arcane Tower |
| 3:30 | Peasant |
| 3:36 | Scout Tower |
| 3:37 | Blizzard |
| 3:52 | Guard Tower |
| 4:12 | Scout Tower |
| 4:15 | Scout Tower |
| 4:21 | Guard Tower |
| 4:22 | Scout Tower |
| 4:24 | Guard Tower |
| 4:25 | Scout Tower |
| 4:25 | Scout Tower |
| 4:38 | Scout Tower |
| 4:43 | Arcane Tower |
| 4:51 | Guard Tower |
| 4:58 | Healing Salve |
| 5:25 | Peasant |
| 5:25 | Peasant |
| 5:25 | Peasant |
| 5:30 | Guard Tower |
| 5:31 | Scout Tower |
| 5:32 | Scout Tower |
| 5:34 | Guard Tower |
| 5:35 | Guard Tower |
| 6:00 | Scout Tower |
| 6:02 | Scout Tower |
| 6:12 | Scout Tower |
| 6:30 | Peasant |
| 6:30 | Peasant |
| 6:30 | Peasant |
| 6:34 | Arcane Tower |
| 6:39 | Guard Tower |
| 6:53 | Guard Tower |
| 6:53 | Guard Tower |
| 7:10 | Keep |
| 7:15 | Guard Tower |
| 7:17 | Scout Tower |
| 7:18 | Scout Tower |
| 7:19 | Scout Tower |
| 7:19 | Scout Tower |
| 7:27 | Improved Masonry |
| 7:29 | Scout Tower |
| 7:31 | Scout Tower |
| 7:31 | Scout Tower |
| 7:34 | Scout Tower |
| 7:48 | Boots of Speed |
| 7:58 | Guard Tower |
| 8:03 | Farm |
| 8:04 | Farm |
| 8:05 | Brilliance Aura |
| 8:14 | Guard Tower |
| 8:15 | Scout Tower |
| 8:16 | Scout Tower |
| 8:17 | Scout Tower |
| 8:32 | Guard Tower |
| 8:32 | Guard Tower |
| 9:26 | Guard Tower |
| 9:26 | Guard Tower |
| 9:29 | Guard Tower |
| 9:34 | Arcane Sanctum |
| 9:49 | Scout Tower |
| 9:49 | Scout Tower |
| 10:05 | Guard Tower |
| 10:11 | Scout Tower |
| 10:13 | Scout Tower |
| 10:18 | Guard Tower |
| 10:20 | Guard Tower |
| 10:21 | Advanced Masonry |
| 10:42 | Storm Bolt |
| 10:48 | Magic Sentry |
| 10:51 | Scout Tower |
| 10:51 | Scout Tower |
| 10:51 | Scout Tower |
| 10:52 | Scout Tower |
| 10:53 | Staff of Teleportation |
| 10:53 | Staff of Teleportation |
| 10:57 | Guard Tower |
| 10:58 | Guard Tower |
| 10:59 | Scout Tower |
| 10:59 | Scout Tower |
| 11:00 | Scout Tower |
| 11:05 | Healing Salve |
| 11:09 | Scout Tower |
| 11:10 | Scout Tower |
| 11:10 | Scout Tower |
| 11:12 | Scout Tower |
| 11:15 | Scout Tower |
| 11:20 | Scout Tower |
| 11:20 | Scout Tower |
| 11:28 | Guard Tower |
| 11:30 | Castle |
| 12:05 | Guard Tower |
| 12:05 | Guard Tower |
| 12:16 | Guard Tower |
| 12:19 | Guard Tower |
| 12:20 | Guard Tower |
| 12:21 | Guard Tower |
| 12:36 | Scout Tower |
| 12:37 | Guard Tower |
| 13:11 | Arcane Vault |
| 13:16 | Arcane Tower |
| 13:16 | Guard Tower |
| 13:20 | Scout Tower |
| 13:20 | Scout Tower |
| 13:29 | Town Hall |
| 13:35 | Healing Salve |
| 13:54 | Staff of Teleportation |
| 13:56 | Boots of Speed |
| 14:16 | Guard Tower |
| 14:17 | Scout Tower |
| 14:18 | Scout Tower |
| 14:18 | Scout Tower |
| 14:19 | Scout Tower |
| 14:19 | Scout Tower |
| 14:20 | Scout Tower |
| 14:26 | Scout Tower |
| 14:26 | Scout Tower |
| 14:27 | Scout Tower |
| 14:28 | Scout Tower |
| 14:28 | Scout Tower |
| 15:20 | Imbued Masonry |
| 15:23 | Arcane Vault |
| 15:26 | Arcane Vault |
| 15:37 | Blizzard |
| 15:39 | Guard Tower |
| 15:45 | Guard Tower |
| 16:17 | Orb of Venom |
| 16:19 | Holy Light |
| 16:35 | Potion of Mana |
| 16:45 | Potion of Healing |
| 16:52 | Guard Tower |
| 16:53 | Scout Tower |
| 16:54 | Scout Tower |
| 17:11 | Boots of Speed |
| 17:11 | Staff of Teleportation |
| 17:14 | Periapt of Vitality |
| 17:39 | Scroll of Town Portal |
| 17:42 | Bash |
| 17:59 | Peasant |
| 17:59 | Peasant |
| 17:59 | Peasant |
| 17:59 | Peasant |
| 18:13 | Guard Tower |
| 18:13 | Guard Tower |
| 18:23 | Staff of Sanctuary |
| 18:32 | Scout Tower |
| 18:33 | Scout Tower |
| 18:33 | Scout Tower |
| 18:39 | Scout Tower |
| 18:41 | Scout Tower |
| 18:42 | Scout Tower |
| 18:43 | Scout Tower |
| 18:43 | Scout Tower |
| 18:43 | Scout Tower |
| 18:58 | Scout Tower |
| 18:59 | Scout Tower |
| 18:59 | Scout Tower |
| 19:35 | Guard Tower |
| 19:36 | Guard Tower |
| 19:38 | Guard Tower |
| 19:43 | Scout Tower |
| 19:43 | Scout Tower |
| 19:47 | Scout Tower |
| 19:48 | Scout Tower |
| 19:53 | Arcane Vault |
| 19:53 | Arcane Vault |
| 19:59 | Staff of Sanctuary |
| 19:59 | Staff of Sanctuary |
| 20:22 | Guard Tower |
| 20:22 | Guard Tower |
| 20:33 | Guard Tower |
| 20:42 | Scout Tower |
| 20:43 | Scout Tower |
| 20:43 | Scout Tower |
| 20:43 | Scout Tower |
| 20:43 | Scout Tower |
| 20:55 | Potion of Mana |
| 21:07 | Guard Tower |
| 21:08 | Scout Tower |
| 21:08 | Scout Tower |
| 21:11 | Scout Tower |
| 21:12 | Scout Tower |
| 21:12 | Scout Tower |
| 21:12 | Scout Tower |
| 21:19 | Scout Tower |
| 21:20 | Scout Tower |
| 21:20 | Scout Tower |
| 21:20 | Scout Tower |
| 21:23 | Scroll of Town Portal |
| 22:18 | Guard Tower |
| 22:54 | Gryphon Aviary |
| 22:56 | Altar of Kings |
| 22:57 | Farm |
| 22:58 | Farm |
| 23:00 | Farm |
| 23:13 | Lumber Mill |
| 23:48 | Scout Tower |
| 23:49 | Scout Tower |
| 23:50 | Divine Shield |
| 25:39 | Farm |
| 27:29 | Storm Bolt |
| 28:48 | Brilliance Aura |
| 29:02 | Guard Tower |
| 29:03 | Guard Tower |
| 29:08 | Scout Tower |
| 29:08 | Scout Tower |
| 29:09 | Scout Tower |
| 29:09 | Scout Tower |
| 29:21 | Holy Light |
| 30:18 | Guard Tower |
| 30:19 | Guard Tower |
| 30:23 | Scout Tower |
| 30:24 | Scout Tower |
| 30:27 | Scout Tower |
| 30:27 | Scout Tower |
| 30:28 | Scout Tower |
| 30:28 | Scout Tower |
| 31:12 | Guard Tower |
| 31:56 | Scout Tower |
| 31:56 | Scout Tower |
| 33:24 | Bash |
| 33:27 | Guard Tower |
| 33:29 | Scout Tower |
| 33:29 | Scout Tower |
| 34:36 | Divine Shield |
| Right click | 4320 |
| Select | 1061 |
| Select group | 685 |
| Build/train/purchase | 345 |
| Chat | 152 |
| Use ability | 125 |
| Minimap ping | 17 |
| Assign group | 15 |
| Misc. action | 15 |
| Resource trade | 9 |
| Item give/drop | 7 |
| Remove unit | 3 |
| Esc | 1 |
210 units @ 31k
/ 4.4k
144 buildings @ 19.3k
/ 9.4k
⇛
SensiSeed
(34:37) : 

| Lesser Clarity Potion | 3 | 210 |
| Healing Salve | 1 | 100 |
| Orb of Lightning | 1 | 375 |
| Tiny Great Hall | 1 | 600 |
| total: | 6 | 1285g |
| Peon | 11 | 825 | / | 0 |
| Grunt | 8 | 1600 | / | 0 |
| Troll Witch Doctor | 17 | 2465 | / | 425 |
| Shaman | 19 | 2470 | / | 380 |
| Troll Headhunter | 3 | 420 | / | 60 |
| total: | 58 | 7780g | / | 865w |
| Watch Tower | 23 | 2530 | / | 1840 |
| Altar of Storms | 1 | 180 | / | 50 |
| Orc Burrow | 6 | 960 | / | 240 |
| Barracks | 1 | 180 | / | 50 |
| Voodoo Lounge | 1 | 130 | / | 30 |
| War Mill | 2 | 410 | / | 0 |
| Great Hall | 2 | 770 | / | 370 |
| Spirit Lodge | 2 | 300 | / | 300 |
| Stronghold | 1 | 315 | / | 190 |
| Fortress | 1 | 325 | / | 190 |
| total: | 38 | 5460g | / | 2880w |
| 0:02 | Peon |
| 0:02 | Peon |
| 0:06 | Altar of Storms |
| 0:18 | Orc Burrow |
| 0:30 | Peon |
| 0:36 | Barracks |
| 2:25 | Peon |
| 2:42 | Peon |
| 2:53 | Peon |
| 3:18 | Peon |
| 3:36 | Wind Walk |
| 3:40 | Stronghold |
| 3:57 | Voodoo Lounge |
| 4:47 | Orc Burrow |
| 4:48 | Grunt |
| 5:59 | Grunt |
| 6:03 | Orc Burrow |
| 6:04 | Peon |
| 6:05 | Fortress |
| 7:01 | Orc Burrow |
| 7:07 | Lesser Clarity Potion |
| 7:12 | Lesser Clarity Potion |
| 7:13 | Grunt |
| 7:24 | Spirit Lodge |
| 7:41 | Berserker Strength |
| 8:07 | Spirit Lodge |
| 8:36 | War Mill |
| 8:41 | Shaman Adept Training |
| 8:51 | Healing Salve |
| 8:51 | Lesser Clarity Potion |
| 9:11 | Critical Strike |
| 9:17 | Witch Doctor Adept Training |
| 9:47 | Shaman Master Training |
| 10:07 | Troll Witch Doctor |
| 10:54 | Witch Doctor Master Training |
| 10:55 | Troll Witch Doctor |
| 10:55 | Shaman |
| 11:12 | Critical Strike |
| 12:07 | Shaman |
| 12:39 | Shaman |
| 12:40 | Troll Witch Doctor |
| 12:59 | War Stomp |
| 13:13 | Grunt |
| 13:15 | Shaman |
| 13:39 | Shaman |
| 13:43 | Watch Tower |
| 13:46 | Watch Tower |
| 13:47 | Watch Tower |
| 13:48 | Watch Tower |
| 14:16 | Endurance Aura |
| 14:46 | Reinforced Defenses |
| 14:47 | Spiked Barricades |
| 15:19 | Great Hall |
| 15:21 | Watch Tower |
| 15:22 | Watch Tower |
| 15:32 | Shaman |
| 15:34 | Troll Witch Doctor |
| 15:36 | Wind Walk |
| 17:12 | Grunt |
| 17:13 | Shaman |
| 18:06 | Troll Witch Doctor |
| 18:07 | Grunt |
| 18:27 | Watch Tower |
| 18:29 | Watch Tower |
| 18:33 | Watch Tower |
| 18:55 | Peon |
| 18:56 | Peon |
| 18:56 | Peon |
| 19:30 | Grunt |
| 19:33 | Watch Tower |
| 19:37 | Watch Tower |
| 19:50 | Burning Oil |
| 19:57 | Shaman |
| 19:59 | Troll Witch Doctor |
| 20:05 | Orc Burrow |
| 20:13 | Steel Armor |
| 20:17 | Improved Spiked Barricades |
| 21:30 | Grunt |
| 21:32 | Shaman |
| 21:35 | Shaman |
| 21:38 | Orc Burrow |
| 22:54 | Watch Tower |
| 23:09 | Watch Tower |
| 23:13 | Shaman |
| 23:14 | Shaman |
| 23:14 | Troll Witch Doctor |
| 23:15 | Shaman |
| 24:09 | Troll Headhunter |
| 24:30 | Troll Headhunter |
| 24:31 | Troll Witch Doctor |
| 24:32 | Troll Witch Doctor |
| 24:54 | Thorium Armor |
| 27:33 | Troll Witch Doctor |
| 27:33 | Troll Witch Doctor |
| 27:33 | Shaman |
| 27:40 | Watch Tower |
| 27:40 | War Mill |
| 27:41 | Watch Tower |
| 27:42 | Watch Tower |
| 28:15 | Troll Witch Doctor |
| 28:15 | Troll Witch Doctor |
| 28:16 | Shaman |
| 28:16 | Shaman |
| 28:35 | Orb of Lightning |
| 28:36 | Tiny Great Hall |
| 28:53 | Great Hall |
| 29:05 | Shaman |
| 30:16 | Troll Witch Doctor |
| 30:17 | Shaman |
| 30:40 | Troll Headhunter |
| 30:41 | Troll Witch Doctor |
| 30:42 | Shaman |
| 31:13 | Watch Tower |
| 31:14 | Watch Tower |
| 31:15 | Watch Tower |
| 31:16 | Watch Tower |
| 32:21 | Troll Witch Doctor |
| 32:21 | Troll Witch Doctor |
| 32:32 | Watch Tower |
| 32:33 | Watch Tower |
| 32:33 | Watch Tower |
| 33:14 | Endurance Aura |
| Right click | 1464 |
| Select group | 903 |
| Select | 534 |
| Misc. action | 190 |
| Build/train/purchase | 135 |
| Assign group | 114 |
| Chat | 96 |
| Use ability | 64 |
| Minimap ping | 19 |
| Resource trade | 15 |
| Esc | 9 |
| Item give/drop | 1 |


| Staff of Preservation | 1 | 150 |
| Orb of Venom | 1 | 325 |
| Lesser Clarity Potion | 1 | 70 |
| Scroll of Healing | 1 | 250 |
| total: | 4 | 795g |
| Wisp | 36 | 2160 | / | 0 |
| Huntress | 4 | 780 | / | 80 |
| Dryad | 2 | 290 | / | 120 |
| Mountain Giant | 16 | 5600 | / | 1600 |
| total: | 58 | 8830g | / | 1800w |
| Ancient Protector | 17 | 2295 | / | 1360 |
| Altar of Elders | 2 | 360 | / | 100 |
| Moon Well | 8 | 1440 | / | 320 |
| Hunter's Hall | 1 | 210 | / | 100 |
| Ancient of War | 1 | 150 | / | 60 |
| Ancient of Wonders | 1 | 90 | / | 30 |
| Tree of Life | 2 | 680 | / | 370 |
| Ancient of Lore | 2 | 310 | / | 290 |
| Tree of Ages | 1 | 320 | / | 180 |
| Tree of Eternity | 1 | 330 | / | 200 |
| total: | 34 | 5535g | / | 2630w |
| 0:01 | Wisp |
| 0:01 | Wisp |
| 0:04 | Altar of Elders |
| 0:09 | Altar of Elders |
| 0:17 | Moon Well |
| 0:21 | Wisp |
| 0:34 | Wisp |
| 0:42 | Wisp |
| 0:42 | Wisp |
| 0:45 | Wisp |
| 0:45 | Wisp |
| 2:23 | Wisp |
| 2:37 | Wisp |
| 2:43 | Wisp |
| 3:20 | Hunter's Hall |
| 3:26 | Ancient of War |
| 3:36 | Moon Well |
| 3:46 | Wisp |
| 3:54 | Force of Nature |
| 4:23 | Ultravision |
| 4:28 | Huntress |
| 4:31 | Wisp |
| 4:32 | Wisp |
| 4:37 | Moon Well |
| 5:06 | Tree of Ages |
| 5:11 | Huntress |
| 5:25 | Ancient of Wonders |
| 5:30 | Entangling Roots |
| 5:40 | Huntress |
| 6:06 | Huntress |
| 7:00 | Tree of Life |
| 7:24 | Moon Well |
| 7:32 | Cleaving Attack |
| 7:38 | Ancient of Lore |
| 7:53 | Ancient of Lore |
| 8:14 | Force of Nature |
| 8:30 | Ancient Protector |
| 8:35 | Wisp |
| 8:35 | Wisp |
| 8:41 | Ancient Protector |
| 8:48 | Wisp |
| 9:13 | Dryad |
| 9:20 | Howl of Terror |
| 9:37 | Scroll of Healing |
| 9:49 | Tree of Eternity |
| 9:55 | Wisp |
| 10:24 | Abolish Magic |
| 10:25 | Dryad |
| 10:59 | Mountain Giant |
| 11:09 | Wisp |
| 11:09 | Wisp |
| 11:17 | Staff of Preservation |
| 11:23 | Wisp |
| 11:25 | Wisp |
| 11:39 | Wisp |
| 12:03 | Mountain Giant |
| 12:12 | Moon Well |
| 12:50 | Mountain Giant |
| 12:51 | Hardened Skin |
| 12:51 | Resistant Skin |
| 13:14 | Strength of the Wild |
| 13:15 | Reinforced Hides |
| 14:03 | Mountain Giant |
| 14:07 | Moon Well |
| 14:33 | Moon Well |
| 14:35 | Improved Strength of the Wild |
| 15:24 | Improved Reinforced Hides |
| 15:25 | Mountain Giant |
| 16:19 | Mountain Giant |
| 16:54 | Mountain Giant |
| 17:05 | Howl of Terror |
| 17:43 | Mountain Giant |
| 18:09 | Mountain Giant |
| 18:25 | Advanced Strength of the Wild |
| 18:28 | Ancient Protector |
| 18:30 | Entangling Roots |
| 18:48 | Ancient Protector |
| 18:51 | Ancient Protector |
| 18:57 | Ancient Protector |
| 19:39 | Moon Well |
| 19:41 | Advanced Reinforced Hides |
| 22:40 | Mountain Giant |
| 22:54 | Ancient Protector |
| 22:56 | Ancient Protector |
| 22:58 | Ancient Protector |
| 23:01 | Ancient Protector |
| 23:02 | Ancient Protector |
| 23:23 | Ancient Protector |
| 23:26 | Ancient Protector |
| 23:29 | Wisp |
| 23:33 | Ancient Protector |
| 24:14 | Wisp |
| 24:14 | Wisp |
| 24:14 | Wisp |
| 25:10 | Tree of Life |
| 25:11 | Cleaving Attack |
| 25:26 | Well Spring |
| 26:18 | Mountain Giant |
| 26:18 | Mountain Giant |
| 27:29 | Mountain Giant |
| 28:25 | Mountain Giant |
| 28:31 | Wisp |
| 28:31 | Wisp |
| 28:31 | Wisp |
| 28:39 | Wisp |
| 29:14 | Wisp |
| 29:14 | Wisp |
| 29:26 | Ancient Protector |
| 29:28 | Ancient Protector |
| 30:18 | Ancient Protector |
| 30:18 | Wisp |
| 32:28 | Mountain Giant |
| 33:16 | Wisp |
| 33:16 | Wisp |
| 33:38 | Orb of Venom |
| 33:39 | Lesser Clarity Potion |
| 34:02 | Mountain Giant |
| Right click | 1965 |
| Select | 724 |
| Select group | 484 |
| Misc. action | 263 |
| Build/train/purchase | 211 |
| Assign group | 79 |
| Use ability | 58 |
| Resource trade | 10 |
| Remove unit | 8 |
| Chat | 4 |



| Scroll of Regeneration | 4 | 400 |
| Lesser Clarity Potion | 3 | 210 |
| Orb of Fire | 1 | 325 |
| Staff of Sanctuary | 1 | 250 |
| Potion of Healing | 1 | 150 |
| Potion of Mana | 1 | 200 |
| total: | 11 | 1535g |
| Peasant | 18 | 1350 | / | 0 |
| Footman | 1 | 135 | / | 0 |
| Rifleman | 18 | 3690 | / | 540 |
| Priest | 7 | 945 | / | 70 |
| Gryphon Rider | 4 | 1120 | / | 280 |
| Knight | 4 | 980 | / | 240 |
| Dragonhawk Rider | 3 | 600 | / | 90 |
| Forest Troll Shadow Priest | 2 | 390 | / | 20 |
| Forest Troll Berserker | 1 | 245 | / | 30 |
| Mud Golem | 1 | 145 | / | 10 |
| Ogre Mauler | 1 | 300 | / | 0 |
| total: | 60 | 9900g | / | 1280w |
| Scout Tower | 12 | 360 | / | 240 |
| Arcane Tower | 1 | 70 | / | 50 |
| Guard Tower | 3 | 210 | / | 150 |
| Altar of Kings | 2 | 360 | / | 100 |
| Farm | 19 | 1520 | / | 380 |
| Blacksmith | 2 | 280 | / | 120 |
| Barracks | 3 | 480 | / | 180 |
| Arcane Vault | 1 | 130 | / | 30 |
| Town Hall | 2 | 770 | / | 410 |
| Lumber Mill | 1 | 120 | / | 0 |
| Arcane Sanctum | 1 | 150 | / | 140 |
| Gryphon Aviary | 1 | 140 | / | 150 |
| Keep | 2 | 640 | / | 420 |
| Castle | 1 | 360 | / | 210 |
| total: | 44 | 4310g | / | 1750w |
| 0:04 | Altar of Kings |
| 0:05 | Peasant |
| 0:05 | Peasant |
| 0:05 | Peasant |
| 0:24 | Farm |
| 0:35 | Peasant |
| 2:33 | Peasant |
| 2:40 | Blacksmith |
| 2:51 | Peasant |
| 2:52 | Peasant |
| 2:52 | Peasant |
| 2:55 | Blacksmith |
| 3:01 | Barracks |
| 3:02 | Peasant |
| 3:03 | Peasant |
| 3:07 | Barracks |
| 3:22 | Farm |
| 3:48 | Thunder Clap |
| 3:50 | Peasant |
| 3:50 | Peasant |
| 4:14 | Footman |
| 4:15 | Rifleman |
| 4:25 | Farm |
| 4:29 | Farm |
| 4:31 | Farm |
| 4:40 | Rifleman |
| 4:52 | Arcane Vault |
| 5:01 | Farm |
| 5:13 | Peasant |
| 5:13 | Peasant |
| 5:29 | Town Hall |
| 5:44 | Rifleman |
| 5:57 | Storm Bolt |
| 6:03 | Lumber Mill |
| 6:14 | Scroll of Regeneration |
| 6:14 | Lesser Clarity Potion |
| 6:15 | Lesser Clarity Potion |
| 6:24 | Scout Tower |
| 6:26 | Scout Tower |
| 6:29 | Scout Tower |
| 6:47 | Scout Tower |
| 6:52 | Scout Tower |
| 6:53 | Scout Tower |
| 6:54 | Scout Tower |
| 6:56 | Rifleman |
| 7:06 | Peasant |
| 7:07 | Peasant |
| 7:08 | Arcane Tower |
| 7:25 | Scout Tower |
| 7:33 | Farm |
| 7:39 | Rifleman |
| 7:46 | Guard Tower |
| 7:53 | Scroll of Regeneration |
| 8:01 | Scroll of Regeneration |
| 8:02 | Guard Tower |
| 8:04 | Peasant |
| 8:04 | Peasant |
| 8:23 | Rifleman |
| 8:29 | Black Gunpowder |
| 8:41 | Forest Troll Shadow Priest |
| 8:46 | Thunder Clap |
| 8:53 | Keep |
| 9:01 | Rifleman |
| 10:25 | Guard Tower |
| 10:33 | Rifleman |
| 10:42 | Scroll of Regeneration |
| 10:45 | Lesser Clarity Potion |
| 11:11 | Improved Masonry |
| 11:17 | Long Rifles |
| 11:21 | Castle |
| 11:23 | Arcane Sanctum |
| 11:28 | Improved Lumber Harvesting |
| 11:58 | Rifleman |
| 12:02 | Farm |
| 12:03 | Farm |
| 12:06 | Gryphon Aviary |
| 12:09 | Barracks |
| 12:44 | Siphon Mana |
| 13:08 | Rifleman |
| 13:10 | Forest Troll Shadow Priest |
| 13:10 | Forest Troll Berserker |
| 13:10 | Mud Golem |
| 13:16 | Farm |
| 13:17 | Ogre Mauler |
| 13:33 | Priest |
| 13:34 | Priest Adept Training |
| 13:34 | Priest |
| 13:40 | Iron Forged Swords |
| 13:51 | Storm Bolt |
| 14:39 | Gryphon Rider |
| 14:40 | Knight |
| 15:36 | Orb of Fire |
| 15:37 | Staff of Sanctuary |
| 15:37 | Potion of Healing |
| 15:37 | Potion of Mana |
| 15:42 | Storm Hammers |
| 15:44 | Animal War Training |
| 15:44 | Sundering Blades |
| 15:50 | Priest Master Training |
| 15:53 | Farm |
| 15:55 | Priest |
| 16:06 | Holy Light |
| 17:10 | Knight |
| 17:11 | Gryphon Rider |
| 17:35 | Flame Strike |
| 17:43 | Priest |
| 17:55 | Gryphon Rider |
| 17:56 | Knight |
| 18:27 | Priest |
| 18:30 | Farm |
| 19:01 | Rifleman |
| 19:17 | Steel Forged Swords |
| 19:53 | Priest |
| 21:22 | Knight |
| 21:25 | Priest |
| 21:36 | Devotion Aura |
| 22:45 | Gryphon Rider |
| 22:53 | Siphon Mana |
| 23:04 | Thunder Clap |
| 23:15 | Dragonhawk Rider |
| 23:16 | Dragonhawk Rider |
| 23:16 | Dragonhawk Rider |
| 23:24 | Scout Tower |
| 23:26 | Scout Tower |
| 23:28 | Scout Tower |
| 23:33 | Rifleman |
| 23:33 | Rifleman |
| 23:45 | Scout Tower |
| 24:07 | Farm |
| 24:08 | Farm |
| 24:11 | Farm |
| 24:11 | Farm |
| 24:13 | Farm |
| 24:22 | Rifleman |
| 24:46 | Altar of Kings |
| 25:26 | Farm |
| 25:28 | Farm |
| 26:47 | Keep |
| 27:40 | Rifleman |
| 27:41 | Rifleman |
| 30:39 | Town Hall |
| 32:07 | Rifleman |
| 32:50 | Rifleman |
| Select group | 2904 |
| Right click | 2328 |
| Select | 1193 |
| Build/train/purchase | 144 |
| Assign group | 136 |
| Misc. action | 94 |
| Use ability | 91 |
| Chat | 18 |
| Esc | 12 |
| Item give/drop | 5 |
| Minimap ping | 5 |
| Remove unit | 1 |
⇛
jouzeangel
(26:36) : 

| Healing Salve | 4 | 400 |
| Lesser Clarity Potion | 3 | 210 |
| Scroll of Speed | 2 | 100 |
| total: | 9 | 710g |
| Peon | 21 | 1575 | / | 0 |
| Troll Headhunter | 4 | 560 | / | 80 |
| Wind Rider | 9 | 2385 | / | 360 |
| total: | 34 | 4520g | / | 440w |
| Watch Tower | 15 | 1650 | / | 1200 |
| Altar of Storms | 1 | 180 | / | 50 |
| Orc Burrow | 5 | 800 | / | 200 |
| Voodoo Lounge | 1 | 130 | / | 30 |
| Barracks | 1 | 180 | / | 50 |
| War Mill | 1 | 205 | / | 0 |
| Great Hall | 1 | 385 | / | 185 |
| Beastiary | 3 | 435 | / | 420 |
| Stronghold | 1 | 315 | / | 190 |
| Fortress | 1 | 325 | / | 190 |
| total: | 28 | 3965g | / | 2135w |
| 0:04 | Peon |
| 0:04 | Peon |
| 0:06 | Altar of Storms |
| 0:17 | Orc Burrow |
| 0:20 | Peon |
| 0:36 | Peon |
| 0:47 | Peon |
| 2:28 | Voodoo Lounge |
| 2:35 | Peon |
| 2:45 | Peon |
| 3:18 | Peon |
| 3:36 | Healing Salve |
| 3:36 | Healing Salve |
| 3:36 | Lesser Clarity Potion |
| 3:36 | Lesser Clarity Potion |
| 3:36 | Scroll of Speed |
| 3:50 | Stronghold |
| 3:52 | Wind Walk |
| 4:06 | Barracks |
| 5:39 | Orc Burrow |
| 5:42 | War Mill |
| 5:45 | Orc Burrow |
| 7:18 | Watch Tower |
| 7:19 | Peon |
| 7:20 | Peon |
| 7:27 | Troll Headhunter |
| 7:50 | Troll Headhunter |
| 8:05 | Hex |
| 8:09 | Peon |
| 8:10 | Troll Headhunter |
| 8:13 | Healing Salve |
| 8:13 | Healing Salve |
| 8:13 | Scroll of Speed |
| 8:33 | Peon |
| 8:33 | Peon |
| 8:39 | Watch Tower |
| 8:48 | Lesser Clarity Potion |
| 9:13 | Peon |
| 9:53 | Troll Headhunter |
| 9:56 | Peon |
| 9:56 | Peon |
| 10:54 | Fortress |
| 11:01 | Watch Tower |
| 11:02 | Watch Tower |
| 11:03 | Watch Tower |
| 11:50 | Critical Strike |
| 12:20 | Great Hall |
| 12:22 | Watch Tower |
| 12:24 | Orc Burrow |
| 12:25 | Watch Tower |
| 12:50 | Healing Wave |
| 13:07 | Beastiary |
| 13:09 | Beastiary |
| 13:11 | Beastiary |
| 13:26 | Orc Burrow |
| 13:34 | Peon |
| 14:07 | Peon |
| 14:07 | Peon |
| 14:12 | Reinforced Defenses |
| 16:32 | Wind Rider |
| 16:32 | Envenomed Spears |
| 16:32 | Wind Rider |
| 16:35 | Peon |
| 16:35 | Peon |
| 18:03 | Healing Wave |
| 18:15 | Wind Rider |
| 18:15 | Wind Rider |
| 18:24 | Watch Tower |
| 18:26 | Watch Tower |
| 19:19 | Wind Rider |
| 21:02 | Wind Walk |
| 21:30 | Wind Rider |
| 21:30 | Wind Rider |
| 23:10 | Wind Rider |
| 23:10 | Wind Rider |
| 23:43 | Hex |
| 24:27 | Watch Tower |
| 24:28 | Watch Tower |
| 24:30 | Watch Tower |
| 24:32 | Watch Tower |
| 24:34 | Watch Tower |
| 25:30 | Watch Tower |
| Right click | 1262 |
| Select | 477 |
| Build/train/purchase | 88 |
| Use ability | 67 |
| Misc. action | 13 |
| Resource trade | 12 |
| Assign group | 8 |
| Minimap ping | 6 |
| Chat | 5 |
| Item give/drop | 2 |
| Select group | 2 |
| Esc | 1 |